Map: [ESL] Altitude

Players

HeroMarine

  • Race: Terran Terran

Classic - Winner!

  • Race: Protoss Protoss

Event: IEM Katowice 2023

VOD

Have the link to the VOD?

Description

Time

  • Played on: Feb. 9, 2023, 1:03 p.m.
  • Length: 8:38

All games in this series

Show
View Real Time Build Order
Export as new Build Order

HeroMarine Terran 

Build Orders: Reaper Expand 

Get SALT Encoding   

  12  0:00  SCV  
  13  0:12  SCV  
  14  0:17  Supply Depot  
  14  0:24  SCV  
  15  0:39  SCV  
  15  0:40  Barracks  
  16  0:44  Refinery  
  16  0:51  SCV  
  17  1:03  SCV  
  18  1:15  SCV  
  19  1:26  Reaper  
  19  1:28  Orbital Command  
  20  1:42  Command Center  
  20  1:50  Supply Depot  
  20  1:53  SCV  
  21  1:59  Barracks Reactor  
  21  2:05  SCV  
  22  2:17  SCV  
  23  2:28  Command Center  
  23  2:29  SCV  
  24  2:35  Marine x2  
  25  2:40  Barracks  
  25  2:43  SCV  
  26  2:52  Marine  
  26  2:53  Marine  
  26  2:55  SCV  
  29  3:00  Orbital Command  
  28  3:07  SCV  
  28  3:10  Marine  
  30  3:20  SCV  
  30  3:23  Marine  
  30  3:26  SCV  
  31  3:28  Marine  
  31  3:29  Barracks Tech Lab  
  31  3:32  SCV  
  33  3:38  SCV  
  33  3:39  Orbital Command  
  33  3:40  Marine  
  35  3:44  SCV  
  35  3:46  Marine  
  35  3:47  Marine, Engineering Bay  
  38  3:49  Stimpack  
  38  3:50  SCV  
  39  3:58  Marine, SCV  
  39  4:01  Barracks  
  40  4:03  SCV  
  40  4:04  Marine  
  40  4:05  SCV  
  40  4:07  Marine  
  41  4:10  SCV  
  41  4:15  SCV  
  41  4:16  Marine  
  38  4:17  SCV  
  38  4:21  Marine  
  38  4:22  SCV  
  36  4:25  Marine  
  36  4:27  SCV  
  36  4:31  Terran Infantry Weapons Level 1  
  35  4:34  Marine, SCV  
  35  4:38  Missile Turret  
  36  4:39  Marine, SCV x2  
  36  4:43  Marine  
  39  4:47  SCV  
  39  4:51  SCV x2  
  39  4:52  Marine  
  43  4:55  Marine  
  43  4:57  Marine  
  43  4:58  Factory  
  45  5:00  SCV, Refinery  
  45  5:03  SCV x2  
  45  5:04  Marauder  
  50  5:09  Marine  
  50  5:12  Marine, SCV  
  53  5:15  Marine, SCV  
  53  5:17  SCV  
  56  5:24  SCV  
  56  5:25  Bunker  
  56  5:26  Marauder  
  56  5:27  SCV  
  57  5:29  SCV  
  57  5:30  Marine x2  
  58  5:36  SCV  
  58  5:37  Marine  
  58  5:39  SCV  
  58  5:41  SCV  
  54  5:46  Marine  
  54  5:48  Marine, SCV  
  54  5:49  Barracks Tech Lab  
  55  5:51  Factory Reactor, SCV, Starport  
  55  5:53  SCV  
  55  5:55  Barracks  
  57  5:58  Barracks, Refinery  
  57  5:59  Combat Shield, Refinery  
  57  6:01  SCV  
  57  6:02  Orbital Command  
  58  6:05  Marine x2, SCV  
  58  6:08  Supply Depot  
  63  6:13  Marauder  
  63  6:14  Marauder, Supply Depot  
  63  6:15  SCV  
  63  6:17  SCV  
  67  6:23  Concussive Shells  
  67  6:24  Supply Depot  
  67  6:25  Marine x2, Supply Depot  
  72  6:37  Factory Reactor, SCV x3  
  72  6:38  Medivac x2  
  76  6:41  Marauder x2  
  76  6:43  Barracks Reactor  
  80  6:48  Supply Depot  
  80  6:49  SCV x3, Barracks Tech Lab  
  83  6:54  Marine x2  
  83  6:57  Refinery x2  
  85  7:01  SCV x3  
  85  7:02  Marauder  
  90  7:09  Marauder  
  90  7:10  Marauder  
  90  7:13  Viking  
  90  7:14  Widow Mine, Viking  
  90  7:15  Widow Mine  
  101  7:23  Supply Depot  
  101  7:25  Marine  
  101  7:26  Marine x2, Supply Depot  
  101  7:27  Marine, Supply Depot  
  105  7:35  Marauder  
  109  7:37  Marauder  
  108  7:44  Viking  
  108  7:45  Viking  
  108  7:47  Marauder  
  103  7:55  Starport  
  103  7:57  Marauder  
  95  7:58  Marauder  
  95  8:01  Marine  
  95  8:02  Marine  
  88  8:09  Marauder  
  90  8:18  Marine x2  
Show
View Real Time Build Order
Export as new Build Order

Classic Protoss - Winner!

Build Orders: 1 Gate Expand, Oracle Opening, Colossus Rush 

Get SALT Encoding   

  12  0:00  Probe  
  13  0:12  Probe  
  14  0:17  Pylon  
  14  0:24  Probe  
  15  0:35  Gateway  
  15  0:36  Probe (Chrono Boost)  
  16  0:46  Assimilator, Probe (Chrono Boost)  
  17  0:51  Probe (Chrono Boost)  
  18  1:03  Probe  
  19  1:15  Probe  
  20  1:22  Cybernetics Core  
  20  1:35  Nexus  
  20  1:42  Pylon  
  20  1:44  Probe  
  21  1:51  Assimilator  
  21  1:56  Probe  
  21  1:57  Adept (Chrono Boost)  
  24  2:08  Probe  
  25  2:17  Adept (Chrono Boost)  
  25  2:20  Probe  
  28  2:25  Stargate  
  28  2:33  Probe  
  28  2:34  Warp Gate  
  31  2:47  Probe (Chrono Boost)  
  33  2:52  Probe (Chrono Boost), Stalker  
  33  2:56  Probe (Chrono Boost)  
  34  3:00  Probe (Chrono Boost)  
  34  3:01  Probe (Chrono Boost)  
  36  3:11  Probe  
  36  3:12  Oracle (Chrono Boost)  
  40  3:13  Probe  
  39  3:23  Probe  
  39  3:25  Probe  
  41  3:30  Pylon  
  41  3:35  Probe, Robotics Facility  
  41  3:37  Probe  
  41  3:38  Gateway  
  41  3:40  Assimilator  
  43  3:47  Probe  
  44  3:49  Probe  
  44  3:51  Pylon  
  47  3:59  Probe  
  47  4:01  Probe  
  47  4:14  Probe x2  
  47  4:17  Assimilator  
  47  4:18  Pylon  
  47  4:20  Immortal (Chrono Boost)  
  51  4:30  Nexus  
  51  4:33  Pylon, Robotics Bay  
  51  4:35  Stalker  
  53  4:43  Stalker  
  53  4:45  Probe x2  
  57  4:48  Pylon  
  57  4:57  Immortal (Chrono Boost)  
  57  4:59  Probe x2  
  63  5:10  Stalker  
  65  5:25  Extended Thermal Lance  
  65  5:33  Pylon  
  61  5:41  Probe x2  
  58  5:43  Colossus (Chrono Boost)  
  58  5:48  Sentry x2  
  68  5:51  Probe  
  68  5:53  Probe x2  
  68  5:57  Gateway x2  
  71  6:02  Gateway x2  
  71  6:07  Gateway  
  71  6:09  Probe x3  
  71  6:11  Sentry x2  
  78  6:20  Colossus (Chrono Boost)  
  78  6:22  Gateway, Probe x2  
  78  6:23  Probe  
  87  6:32  Twilight Council  
  87  6:35  Forge, Probe x3  
  90  6:42  Pylon, Stalker  
  90  6:44  Stalker  
  94  6:51  Probe x2  
  96  6:54  Stalker x2  
  96  6:59  Warp Prism (Chrono Boost)  
  102  7:04  Stalker x2  
  102  7:06  Gateway  
  106  7:09  Assimilator  
  106  7:12  Stalker x2  
  110  7:16  Stalker  
  110  7:18  Stalker  
  110  7:21  Pylon  
  114  7:25  Stalker  
  116  7:30  Pylon  
  116  7:41  Stalker x4  
  122  8:08  Stalker x5  
  122  8:11  Nexus  
  132  8:14  Pylon  
  132  8:15  Twilight Council  
  132  8:16  Pylon  
  132  8:18  Pylon  
  112  8:34  Zealot x8  

Tags
 
Add a new tag
Caveats
  • Supply blocks, unpowered buildings, or Contaminate may cause inaccurate times.
  • Supply counts are checked every 10 seconds.